AoeStats
← bernalesmoenne

Black Forest

510647891Analyzed
2v2 RM · 9h ago on Oct 2, 2026· 43m 31s· 4 players
Game mode
Random Map
Map size
Medium (4 player)
Population
200
Speed
Normal
Resources
Standard
Victory
Conquest
Starting age
Dark Age
Ending age
Imperial Age
RankedLock teamsTeams togetherTeam positionsShared explorationLock speedFull tech treeHidden civsTurbo modeCheats
Victory
Defeat
🇺🇸 Franks · United States
714
+14
🇨🇱 Mongols · Chile
691
+18
🇪🇨 Wei · Ecuador
678
-15
🇵🇱 Varangians · Poland
675
-14
Mecenas Kaszewiak
0:28 Loom
13:32 Feudal Age
14:36 Horse Collar
14:43 Double-Bit Axe
22:10 Castle Age
20:23 Stone Mining
22:13 Bloodlines
22:49 Scale Barding Armor
23:30 Heavy Plow
23:47 Bow Saw
24:29 Forging
26:05 Wheelbarrow
26:09 Stone Shaft Mining
26:31 Ballistics
29:19 Husbandry
29:47 Treadmill Crane
33:06 Iron Casting
33:23 Chain Barding Armor
33:24 Gold Mining
33:35 Murder Holes
34:17 Vendel Legacy
35:27 Scale Mail Armor
35:30 Squires
35:15 Gambesons
35:16 Arson
36:23 Chain Mail Armor
36:55 Hand Cart
37:32 Fortified Wall
37:33 Masonry
41:44 Imperial Age
39:03 Town Watch
42:45 Conscription
41:48 Gothikon
41:51 Elite Varangian Guard
43:49 Blast Furnace
Israelo517
16:45 Feudal Age
18:36 Wheelbarrow
17:54 Gold Mining
17:48 Horse Collar
18:00 Stone Mining
24:31 Castle Age
25:45 Hand Cart
25:33 Heavy Plow
26:21 Gold Shaft Mining
26:25 Stone Shaft Mining
25:41 Double-Bit Axe
33:10 Imperial Age
33:01 Fortified Wall
32:46 Murder Holes
33:03 Masonry
35:41 Chemistry
34:23 Treadmill Crane
34:52 Squires
34:12 Pikeman
34:55 Husbandry
35:05 Bloodlines
34:17 Light Cavalry
36:13 Parthian Tactics
35:10 Elite Skirmisher
35:39 Halberdier
36:25 Tuntian
36:45 Bow Saw
37:47 Conscription
38:36 Padded Archer Armor
38:27 Fletching
38:45 Scale Barding Armor
38:50 Forging
38:41 Scale Mail Armor
38:50 Hussar
39:43 Heavy Hei Guang Cavalry
40:21 Bodkin Arrow
41:02 Iron Casting
40:43 Leather Archer Armor
41:57 Ballistics
42:19 Coinage
41:50 Caravan
SoapyCoder
14:28 Feudal Age
20:28 Castle Age
18:21 Double-Bit Axe
19:28 Forging
20:17 Scale Barding Armor
21:56 Husbandry
22:38 Wheelbarrow
22:17 Bow Saw
23:28 Caravan
24:13 Gold Mining
25:24 Hand Cart
27:42 Iron Casting
27:39 Stone Mining
28:27 Gold Shaft Mining
29:30 Fervor
29:45 Chain Barding Armor
34:33 Imperial Age
32:20 Treadmill Crane
36:21 Blast Furnace
35:54 Conscription
35:36 Chivalry
36:19 Cavalier
38:55 Plate Barding Armor
37:42 Paladin
41:32 Ordonnance Companies
bernalesmoenne
1:56 Loom
13:20 Feudal Age
13:57 Double-Bit Axe
14:00 Horse Collar
17:01 Scale Mail Armor
22:36 Castle Age
22:46 Pikeman
23:41 Padded Archer Armor
24:22 Elite Skirmisher
30:39 Squires
31:07 Fletching
31:35 Leather Archer Armor
34:30 Bodkin Arrow
40:03 Imperial Age
38:39 Thumb Ring
39:48 Chain Mail Armor
42:34 Ballistics
43:24 Chemistry
43:17 Bracer
Connection lost

Rejoining the realm…

Still unreachable

The connection could not be restored.

Session expired

The server has moved on; the page needs a fresh start.